 Dungeon Crawl Stone Soup version 0.30-a0-1016-gfb0d676c02 (webtiles) character file.

Game seed: 2695688149659427249

129 CornPuffBuddha the Chopper (level 5, -5/47 HPs)
             Began as a Hill Orc Monk on Apr 7, 2023.
             Slain by Grinder (7 damage)
             ... on level 3 of the Dungeon.
             The game lasted 00:07:30 (2492 turns).

CornPuffBuddha the Chopper (Hill Orc Monk)          Turns: 2492, Time: 00:07:31

Health: -5/47      AC:  4    Str: 16    XL:     5   Next: 12%
Magic:  5/5        EV: 12    Int: 10    God:
Gold:   108        SH:  0    Dex: 13    Spells: 4/4 levels left

rFire   . . .      SeeInvis .    a - +0 hand axe
rCold   . . .      Faith    .    (no shield)
rNeg    . . .      Spirit   .    b - +0 robe
rPois   .          Reflect  .    f - +0 helmet
rElec   .          Rampage  .    (no cloak)
rCorr   .                        m - +0 pair of gloves
Will    .....                    (no boots)
Stlth   ++                       (no amulet)
HPRegen 0.27/turn                (no ring)
MPRegen 0.09/turn                (no ring)

@: no status effects
A: no striking features
a: no special abilities


You were on level 3 of the Dungeon.
You visited 1 branch of the dungeon, and saw 4 of its levels.

You collected 108 gold pieces.

Inventory:

Hand Weapons
 a - a +0 hand axe (weapon)
Armour
 b - a +0 robe (worn)
 f - a +0 helmet (worn)
 m - a +0 pair of gloves (worn)
Scrolls
 e - 3 scrolls of identify
 g - a scroll of blinking {unknown}
 j - 2 scrolls of amnesia {unknown}
 k - a scroll of enchant weapon {unknown}
Potions
 c - a potion of ambrosia
 d - a potion of heal wounds
 h - 2 potions of attraction {unknown}
 i - 2 potions of mutation {unknown}
 l - a potion of might {unknown}
 n - a potion of haste {unknown}


   Skills:
 + Level 4.6 Fighting
 * Level 5.2 Axes
 - Level 3.0 Dodging
 - Level 2.5 Stealth


You had 4 spell levels left.
You didn't know any spells.
Your spell library was empty.

Dungeon Overview and Level Annotations

Branches:
Dungeon (4/15)
 Temple: D:4-7

Altars:

Annotations:
D:2 1 runed translucent door, Crazy Yiuf
D:3 2 transporters, Grinder


Message History

You slash Grinder!
Grinder is severely wounded.
Grinder gestures at you.
You barely resist. You closely miss Grinder.
Grinder is severely wounded.
Grinder barely misses you.
You completely miss Grinder.
Grinder is severely wounded.
Grinder hits you.
* * * LOW HITPOINT WARNING * * *
You writhe in agony.
* * * LOW HITPOINT WARNING * * *
You barely miss Grinder.
Grinder is severely wounded.
Grinder hits you.
* * * LOW HITPOINT WARNING * * *
You writhe in agony.
* * * LOW HITPOINT WARNING * * *
You slash Grinder!
Grinder is almost dead.
Grinder misses you.
You hit Grinder.
Grinder is almost dead.
Grinder completely misses you.
You hit Grinder.
Grinder is almost dead.
Grinder gestures at you.
You barely resist. You closely miss Grinder.
Grinder is almost dead.
Grinder gestures at you.
You suddenly lose the ability to move!
Grinder blinks!
You can move again.
You closely miss Grinder.
Grinder is almost dead.
Grinder gestures at you.
You barely resist. Grinder hits you!
You die...

#.. .........≈≈..#.# g# .....
.#######.≈≈###.# .# .......
####.≈≈#....... .. .........
##....≈≈#..###.###. ###.##.....
##.....≈≈#..#8###8#. ....).....#
#......≈≈####.....##
.........#####......≈≈≈≈≈≈≈≈~≈≈≈≈
................5.>.≈≈≈≈≈≈≈≈~≈≈≈≈
............###.@................
...................#...#####..###
#........÷.....######..#####.##
.....#...###..## ##...#....#
...........#..## ##.........####
.......#.......####..............
.....##..........................
.....##......#.#.##..............
...................#.........#..#


You could see Grinder.

Vanquished Creatures
  Jessica (D:2)
  Robin (D:2)
  2 adders
  A worm (D:2)
  2 dart slugs (D:1)
  An orc (D:3)
  8 bats
  2 endoplasms
  A giant cockroach (D:1)
  10 goblins
  7 hobgoblins
  2 quokkas
  5 ball pythons
  9 frilled lizards
  7 kobolds
  9 rats
68 creatures vanquished.

Vanquished Creatures (others)
  6 plants (D:3)
6 creatures vanquished.

Grand Total: 74 creatures vanquished

Notes
Turn   | Place    | Note
-------+----------+-------------------------------------------
     0 | D:1      | CornPuffBuddha the Hill Orc Monk began the quest for the
                  | Orb.
     0 | D:1      | Reached XP level 1. HP: 19/19 MP: 1/1
    35 | D:1      | Reached XP level 2. HP: 26/27 MP: 2/2
   195 | D:1      | Reached XP level 3. HP: 31/33 MP: 3/3
   505 | D:2      | Noticed Robin
   780 | D:2      | Killed Robin
   875 | D:2      | Reached XP level 4. HP: 40/40 MP: 4/4
   908 | D:2      | Noticed Jessica
  1400 | D:2      | Killed Jessica
  1806 | D:2      | Found a runed translucent door.
  1807 | D:2      | Noticed Crazy Yiuf
  1952 | D:2      | Reached skill level 5 in Axes
  2102 | D:3      | Found a faded altar of an unknown god.
  2166 | D:3      | Found a transporter.
  2203 | D:3      | Found a transporter.
  2306 | D:3      | Reached XP level 5. HP: 42/47 MP: 5/5
  2410 | D:3      | Noticed Grinder
  2430 | D:3      | HP: 1/47 [Grinder (4)]
  2434 | D:3      | Paralysed by Grinder for 3 turns
  2465 | D:4      | Noticed an ogre
  2486 | D:3      | HP: 1/47 [Grinder (4)]
  2490 | D:3      | Paralysed by Grinder for 2 turns
  2492 | D:3      | Slain by Grinder

Illustrated notes

Levels and vault maps discovered:
D:1:      tarquinn_simple_flora_water_d, layout_rooms
D:2:      layout_basic, uniq_jessica, uniq_robin, uniq_crazy_yiuf_cottage
D:3:      layout_rooms, hellmonk_ecumenical_altar_run_dry,
          gammafunk_ghost_gnarly_gnolls, uniq_grinder
D:4:      layout_rooms, uniq_blork_the_orc

Skill      XL: |  1  2  3  4 |
---------------+-------------+-----
Stealth        | 2 |  2.5
Fighting       | 4 |  4.6
Dodging        | 3 |  3.0
Axes           | 5 |  5.2

Action                     |  1- 3 |  4- 6 || total
---------------------------+-------+-------++-------
  Melee: Hand axe          |   142 |   130 ||   272
         Punch             |     1 |     2 ||     3
    Use: Scroll            |     1 |       ||     1
         Potion            |       |     1 ||     1
   Stab: Sleeping          |     3 |     5 ||     8
 Armour: Robe              |    28 |    21 ||    49
  Dodge: Dodged            |   107 |    82 ||   189

Table legend: (Time is in decaauts)
 A = Elapsed time spent in this place.
 B = Non-inter-level travel time spent in this place.
 C = Inter-level travel time spent in this place.
 D = Time resting spent in this place.
 E = Time spent auto-exploring this place.
 F = Levels seen in this place.
 G = Mean time per level.
                   A        B        C        D        E       F      G
               +--------+--------+--------+--------+--------+-----+--------+
         Total |   2527 |   2492 |     35 |    576 |   1062 |   4 |  631.8 |
       Dungeon |   2527 |   2492 |     35 |    576 |   1062 |   4 |  631.8 |
               +--------+--------+--------+--------+--------+-----+--------+

Top non-repeatable levels by time:
     D:2: 1383 daAuts
     D:1: 737 daAuts
     D:3: 401 daAuts
     D:4: 4 daAuts
